 Dungeon Crawl Stone Soup version 0.30.1-3-gfc49f6343a (webtiles) character file.

Game seed: 2486076946043819136

3497 Heoruswealwe the Thaumaturge (level 9, -2/43 (45) HPs)
             Began as a Deep Elf Conjurer on July 25, 2023.
             Slain by a wight
             ... wielding a +2 scimitar
              (7 damage)
             ... on level 7 of the Dungeon.
             The game lasted 00:53:49 (5538 turns).

Heoruswealwe the Thaumaturge (Deep Elf Conjurer)    Turns: 5538, Time: 00:53:50

HP:   -2/43 (45)    AC:  4    Str:  4    XL:     9   Next: 80%
MP:   8/28          EV: 17    Int: 28    God:
Gold: 59            SH:  0    Dex: 13    Spells: 15/34 levels left

rFire   . . .        l - +2 hammer (holy)
rCold   + . .        d - orb {light}
rNeg    . . .        (no body armour)
rPois   .            (no helmet)
rElec   .            g - +1 cloak
rCorr   .            f - +0 pair of gloves
SInv    .            e - +0 pair of boots
Will    .....        (no amulet)
Stlth   +            k - +5 ring of evasion
HPRegen 0.27/turn    j - ring of protection from cold
MPRegen 0.21/turn

%: no passive effects
@: glowing, lightly drained
A: no striking features
a: no special abilities


You were on level 7 of the Dungeon.
You visited 1 branch of the dungeon, and saw 7 of its levels.

You collected 262 gold pieces.
You spent 203 gold pieces at shops.

Inventory:

Hand Weapons
 l - a +2 hammer of holy wrath (weapon)
 u - a +0 war axe
Armour
 d - an orb of light (worn)
 e - a +0 pair of boots (worn)
 f - a +0 pair of gloves (worn)
 g - a +1 cloak (worn)
 h - a +1 cloak
 p - +0 acid dragon scales
 v - a +0 robe
 x - a +0 robe
 y - a +0 robe
Magical Staves
 o - a staff of cold
 r - a staff of poison
Jewellery
 j - a ring of protection from cold (right hand)
 k - a +5 ring of evasion (left hand)
Wands
 c - a wand of flame (20)
 m - a wand of digging (9)
 w - a wand of paralysis (12)
Scrolls
 a - 4 scrolls of teleportation
 i - a scroll of enchant armour
 n - a scroll of enchant weapon
 t - a scroll of identify
 z - 3 scrolls of fear
Potions
 q - a potion of lignification
 s - 3 potions of invisibility


   Skills:
 - Level 2.4 Dodging
 - Level 2.4 Stealth
 + Level 13.1 Spellcasting
 + Level 11.7 Conjurations


You had 15 spell levels left.
You knew the following spells:

 Your Spells              Type           Power      Damage    Failure   Level
a - Magic Dart            Conj           100%       1d8       1%          1
b - Searing Ray           Conj           100%       2d8       1%          2
c - Dazzling Flash        Conj/Hex       100%       N/A       1%          3
d - Hailstorm             Conj/Ice       50%        3d11      1%          3
e - Iskenderun's Mystic   Conj/Tloc      50%        2d11      2%          4
f - Fulminant Prism       Conj/Hex       25%        3d13      2%          4
z - Passwall              Tmut/Erth      15%        N/A       4%          2

Your spell library contained the following spells:

 Spells                   Type           Power      Damage    Failure   Level
 Freeze                   Ice            72%        1d8       3%          1
 Ensorcelled Hibernation  Hex/Ice        36%        N/A       4%          2
 Frozen Ramparts          Ice            36%        1d6       9%          3
 Portal Projectile        Hex/Tloc       36%        N/A       9%          3
 Swiftness                Air            18%        N/A       9%          3
 Tukima's Dance           Hex            18%        N/A       9%          3
 Blade Hands              Tmut           9%         N/A       63%         5


Dungeon Overview and Level Annotations

Branches:
Dungeon (7/15)
 Temple: D:4-7

Altars:
Okawaru

Shops:
D:6 *


Message History

Casting: Iskenderun's Mystic Blast (dangerous; 2% risk of failure)
Confirm with . or Enter, or press ? or * to list all spells.
You erupt in a blast of force!
The mystic blast hits the killer bee!!
You kill the killer bee!
Casting: Iskenderun's Mystic Blast (dangerous; 2% risk of failure)
Confirm with . or Enter, or press ? or * to list all spells.
Aiming: Magic Dart (safe; 1% risk of failure)
Press: ? - help, Shift-Dir - straight line, f - wight
Aim: a wight, wielding a +2 scimitar and wearing a +0 robe (100% to hit)
The magic dart hits the wight but does no damage.
Casting: Magic Dart (safe; 1% risk of failure)
Confirm with . or Enter, or press ? or * to list all spells.
Aiming: Magic Dart (safe; 1% risk of failure)
Press: ? - help, Shift-Dir - straight line, f/p - wight
Aim: a wight, wielding a +2 scimitar and wearing a +0 robe (100% to hit)
The magic dart hits the wight but does no damage.
An orc comes into view. It is wielding a +0 flail.
Casting: Magic Dart (safe; 1% risk of failure)
Confirm with . or Enter, or press ? or * to list all spells.
Aiming: Magic Dart (safe; 1% risk of failure)
Press: ? - help, Shift-Dir - straight line, f/p - wight
Aim: a wight, wielding a +2 scimitar and wearing a +0 robe (100% to hit)
The magic dart hits the wight but does no damage.
The orc shouts!
You hear a shout!
Casting: Magic Dart (safe; 1% risk of failure)
Confirm with . or Enter, or press ? or * to list all spells.
Aiming: Searing Ray (safe; 1% risk of failure)
Press: ? - help, Shift-Dir - straight line, f/p - wight
Aim: a wight, wielding a +2 scimitar and wearing a +0 robe (haloed, 87% to hit)
The searing ray hits the wight.
The wight is heavily damaged. (Press . to maintain the ray.)
The searing ray hits the wight.
The wight is severely damaged.
The searing ray hits the wight.
The wight is almost destroyed.
The searing ray misses the orc.
The wight hits you with a +2 scimitar!
* * * LOW HITPOINT WARNING * * *
You feel drained.
You die...

#..........##......#
###..........##.)....#
.......).....##..))..###
##.........###..).......
#..#####..# #..........
#..#......# #..........
#. #.###.######'#######
#..#.###........
#....)@z.o###...
#.......).# ###.....<.#
#.#..)).# .......).#
...<.....).
.........#)##
............ .....####.


You could see a wight and an orc.

Vanquished Creatures
  A two-headed ogre (D:7)
  Pikel (D:5)
  Maggie (D:6)
  Grinder (D:6)
  Prince Ribbit (D:5)
  Eustachio (D:5)
  A water moccasin (D:5)
  A black bear (D:5)
  3 phantoms
  3 lemures (D:5)
  A kobold brigand (D:7)
  2 scorpions
  2 gnoll sergeants
  2 wights (D:7)
  3 killer bees (D:7)
  A gnoll bouda (D:5)
  A jelly (D:5)
  2 hounds (D:5)
  Crazy Yiuf (D:6)
  A sleepcap (D:5)
  2 orc wizards
  5 iguanas
  10 adders
  19 gnolls
  A shadow imp (D:5)
  2 white imps
  An ufetubus (D:5)
  2 worms
  2 dart slugs
  16 orcs
  4 endoplasms
  2 giant cockroaches
  3 goblins
  5 hobgoblins
  2 jackals (D:3)
  4 quokkas
  6 ball pythons
  4 bats
  2 frilled lizards (D:3)
  15 kobolds
  5 rats
142 creatures vanquished.

Vanquished Creatures (others)
  A fulminant prism (D:7)
1 creature vanquished.

Grand Total: 143 creatures vanquished

Notes
Turn   | Place    | Note
-------+----------+-------------------------------------------
     0 | D:1      | Heoruswealwe the Deep Elf Conjurer began the quest for the
                  | Orb.
     0 | D:1      | Reached XP level 1. HP: 10/10 MP: 6/6
   203 | D:1      | Reached XP level 2. HP: 15/15 MP: 5/8
   206 | D:1      | Learned a level 2 spell: Searing Ray
   209 | D:1      | Learned a level 2 spell: Passwall
   874 | D:2      | Reached skill level 4 in Spellcasting
   884 | D:2      | Reached skill level 5 in Conjurations
   884 | D:2      | Reached XP level 3. HP: 19/19 MP: 1/10
   889 | D:2      | Learned a level 3 spell: Dazzling Flash
   967 | D:2      | Found an iron altar of Okawaru.
  1386 | D:2      | Reached XP level 4. HP: 24/24 MP: 8/12
  1617 | D:3      | Reached skill level 5 in Spellcasting
  2343 | D:4      | Learned a level 4 spell: Fulminant Prism
  2427 | D:4      | Reached XP level 5. HP: 22/28 MP: 10/14
  2722 | D:4      | Noticed a phantom
  2731 | D:4      | Killed a phantom
  2732 | D:4      | Reached skill level 6 in Spellcasting
  2732 | D:4      | Reached XP level 6. HP: 29/32 MP: 6/17
  2737 | D:4      | Learned a level 4 spell: Iskenderun's Mystic Blast
  2996 | D:5      | Entered Level 5 of the Dungeon
  3059 | D:5      | Noticed a water moccasin
  3069 | D:5      | Killed a water moccasin
  3070 | D:5      | Reached skill level 7 in Spellcasting
  3072 | D:5      | Reached XP level 7. HP: 9/36 MP: 2/19
  3217 | D:5      | Noticed Eustachio
  3228 | D:5      | Killed Eustachio
  3229 | D:5      | Reached skill level 8 in Spellcasting
  3294 | D:5      | Noticed Prince Ribbit
  3301 | D:5      | Killed Prince Ribbit
  3302 | D:5      | Reached skill level 9 in Spellcasting
  3469 | D:5      | Reached XP level 8. HP: 41/41 MP: 16/23
  3472 | D:5      | Identified the +1 ring mail "Ecitol" {Str+3}
  3737 | D:5      | Noticed Pikel
  3747 | D:5      | Killed Pikel
  3748 | D:5      | Reached skill level 10 in Spellcasting
  4219 | D:6      | Found a runed translucent door.
  4220 | D:6      | Noticed Crazy Yiuf
  4227 | D:6      | Killed Crazy Yiuf
  4313 | D:6      | Learned a level 3 spell: Hailstorm
  4356 | D:6      | Noticed Maggie
  4376 | D:6      | Reached skill level 11 in Spellcasting
  4376 | D:6      | Reached skill level 10 in Conjurations
  4501 | D:6      | Killed Maggie
  4502 | D:6      | Reached XP level 9. HP: 16/45 MP: 13/26
  4810 | D:6      | Noticed Grinder
  4826 | D:6      | Killed Grinder
  5075 | D:6      | Found Cezet's General Store.
  5083 | D:6      | Bought a scroll of teleportation for 33 gold pieces
  5083 | D:6      | Bought a scroll of enchant weapon for 82 gold pieces
  5083 | D:6      | Bought a potion of magic for 88 gold pieces
  5441 | D:7      | Reached skill level 12 in Spellcasting
  5491 | D:7      | Noticed a two-headed ogre
  5499 | D:7      | Killed a two-headed ogre
  5512 | D:7      | Reached skill level 13 in Spellcasting
  5538 | D:7      | Slain by a wight

Illustrated notes

Levels and vault maps discovered:
D:1:      dpeg_arrival_houses_and_road, layout_basic
D:2:      layout_rooms, basic_altar, serial_aquarium,
          aquarium_bridge_long_joined [aquarium_subvault_bridge,
          aquarium_subvault_window, aquarium_subvault_wall,
          aquarium_subvault_window, aquarium_subvault_bridge,
          aquarium_subvault_window], aquarium_bridge_straight
          [aquarium_subvault_bridge, aquarium_subvault_wall,
          aquarium_subvault_bridge, aquarium_subvault_wall], aquarium_window_1,
          aquarium_window_2, aquarium_window_fake, aquarium_view_2c
D:3:      layout_basic, minivault_11
D:4:      layout_loops_ring
D:5:      layout_loops_corners, grunt_decor_clamped, uniq_eustachio,
          uniq_prince_ribbit1, uniq_pikel
D:6:      layout_loops_ring, serial_shops, shop, uniq_maggie, uniq_grinder,
          uniq_crazy_yiuf_cottage
D:7:      layout_basic, minmay_temple_entry_glass, minmay_misc_feat_plants

Skill      XL: |  1  2  3  4  5  6  7  8  9 |
---------------+----------------------------+-----
Spellcasting   | 4 5 6 7 9 11 13 | 13.1
Conjurations   | 5 6 7 8 10 11 | 11.7
Dodging        | |  2.4
Stealth        | |  2.4

Action                     |  1- 3 |  4- 6 |  7- 9 || total
---------------------------+-------+-------+-------++-------
  Melee: Unarmed           |     2 |       |       ||     2
         Mace              |       |       |     5 ||     5
   Cast: Magic Dart        |    68 |    65 |    99 ||   232
         Searing Ray       |       |    11 |    30 ||    41
         Iskenderun's Myst |       |       |    12 ||    12
         Hailstorm         |       |       |     9 ||     9
         Fulminant Prism   |       |       |     1 ||     1
    Use: Scroll            |       |     8 |     1 ||     9
         Potion            |       |     4 |     4 ||     8
 Armour: Skin              |       |     1 |     5 ||     6
  Dodge: Dodged            |     3 |    17 |    76 ||    96
